 Dungeon Sprint DCSS version 0.22.1-2-g9c5b331383 (webtiles) character file.

302748 Groucho the Invulnerable (level 21, -7/219 HPs)
             Began as a Naga Fighter on Nov 17, 2018.
             Was the Champion of Cheibriados.
             Killed by divine providence
             ... invoked by a daeva
              (15 damage)
             ... in the Dungeon (Sprint VII: "The Pits").
             The game lasted 00:42:40 (13506 turns).

Groucho the Invulnerable (Naga Fighter)            Turns: 13506, Time: 00:42:40

Health: -7/219     AC: 51    Str: 36    XL:     21   Next: 7%
Magic:  31/35      EV: 36    Int: 24    God:    Cheibriados [******]
Gold:   125        SH: 34    Dex: 33    Spells: 20/20 levels left

rFire    + + +     SeeInvis +   K - +11 broad axe (freeze)
rCold    + + +     Gourm    .   D - +3 large shield
rNeg     + + .     Faith    .   d - +14 gold dragon scales
rPois    +         Spirit   .   t - +2 helmet {SInv}
rElec    .         Reflect  .   x - +0 cloak
rCorr    .         Harm     .   J - +1 pair of gloves
MR       ++...     NoTele   +   (no barding)
Stlth    ..........             V - amulet "Naocu" {RegenMP rPois rF+ rN+}
HPRegen  0.46/turn              p - ring of Hyizil {rC+ EV+6}
MPRegen  0.49/turn              X - ring of Babaen {rF+ rC++ rN+}

@: glowing, studying 2 skills, very slow
A: large, see invisible, deformed body, frail 1, sense surroundings 1, poison
resistance, screaming 1, slowness 2, slow metabolism 1, spit poison 1, constrict
1, AC +7
}: 2/3 runes: silver, iron
a: Spit Poison, Bend Time, Temporal Distortion, Slouch, Step From Time, Renounce
Religion


You were in the Dungeon.
You worshipped Cheibriados.
Cheibriados was exalted by your worship.
You were hungry.

You visited 1 branch You collected 125 gold pieces.

Inventory:

Hand Weapons
 w - a +4 vampiric demon whip
 K - a +11 broad axe of freezing (weapon)
 L - a +3 sacred scourge of holy wrath
Missiles
 I - 6 javelins (quivered)
Armour
 d - +14 gold dragon scales (worn)
 t - a +2 helmet of see invisible (worn)
 x - a +0 cloak (worn)
 D - a +3 large shield (worn)
 J - a +1 pair of gloves (worn)
 M - the +2 helmet of the Endless Expanse {rPois rF+ MR- Str+9}
   (You found it in the Dungeon)

   It affects your strength (+9).
   It protects you from fire.
   It protects you from poison.
   It affects your resistance to hostile enchantments.
Jewellery
 e - the ring "Datolapo" {rF+ rC+ Dex+4}
   (You found it in the Dungeon)

   [ring of protection from fire]

   It affects your dexterity (+4).
   It protects you from fire.
   It protects you from cold.
 p - the ring of Hyizil (left hand) {rC+ EV+6}
   (You found it in the Dungeon)

   [ring of evasion]

   It affects your evasion (+6).
   It protects you from cold.
 u - the ring of Keuguw {rC+ rN+ MP+9 Str+2}
   (You found it in the Dungeon)

   [ring of magical power]

   It affects your strength (+2).
   It protects you from cold.
   It protects you from negative energy.
   It affects your magic capacity (+9).
 G - the amulet of Greater Demons {Acrobat rN++}
   (You found it in the Dungeon)

   [amulet of the acrobat]

   It helps you evade while moving and waiting.
   It greatly protects you from negative energy.
 H - the amulet "Sierohytt" {rElec Regen+}
   (You took it off a necromancer in the Dungeon)

   [amulet of regeneration]

   It insulates you from electricity.
   It increases your rate of regeneration.
 S - the ring "Imeseotrit" {+Fly Slay+2}
   (You found it in the Dungeon)

   [ring of flight]

   It affects your accuracy and damage with ranged weapons and melee attacks
   (+2).
   It lets you fly.
 T - the amulet of Ujamoghyl {Reflect Fragile rC++ rN+++ Str+3 SH+3}
   (You found it in the Dungeon)

   [amulet of reflection]

   It shields you and reflects attacks.
   It affects your strength (+3).
   It greatly protects you from cold.
   It renders you almost immune to negative energy.
   It will be destroyed if unequipped.
   It affects your SH (+3).
 U - the amulet "Melulik" {Gourm rF+ rN+ Int-3 Dex+4}
   (You found it in the Dungeon)

   [amulet of the gourmand]

   It allows you to eat raw meat even when not hungry.
   It affects your intelligence (-3).
   It affects your dexterity (+4).
   It protects you from fire.
   It protects you from negative energy.
 V - the amulet "Naocu" (around neck) {RegenMP rPois rF+ rN+}
   (You found it in the Dungeon)

   [amulet of magic regeneration]

   It increases your magic regeneration.
   It protects you from fire.
   It protects you from poison.
   It protects you from negative energy.
 W - the ring of Fun {rElec rC+ Slay+2}
   (You found it in the Dungeon)

   [ring of protection from cold]

   It affects your accuracy and damage with ranged weapons and melee attacks
   (+2).
   It protects you from cold.
   It insulates you from electricity.
 X - the ring of Babaen (right hand) {rF+ rC++ rN+}
   (You found it in the Dungeon)

   [ring of positive energy]

   It protects you from fire.
   It greatly protects you from cold.
   It protects you from negative energy.
 Y - a +5 ring of slaying
 Z - the ring of Baumof {rC+ rN+}
   (You found it in the Dungeon)

   [ring of protection from cold]

   It protects you from cold.
   It protects you from negative energy.
Wands
 a - a wand of acid (12)
 c - a wand of flame (33)
Scrolls
 k - 4 scrolls of blinking
 m - 10 scrolls of remove curse
 n - 7 scrolls of amnesia
 o - a scroll of summoning
 s - 4 scrolls of enchant armour
 z - 2 scrolls of fog
 A - 7 scrolls of identify
 B - 3 scrolls of fear
 C - a scroll of silence
 N - 4 scrolls of enchant weapon
Potions
 b - 11 potions of curing
 g - a potion of heal wounds
 i - 4 potions of magic
 l - 2 potions of invisibility
 q - a potion of brilliance
 r - 6 potions of might
 v - 3 potions of agility
 E - 5 potions of flight
 F - a potion of resistance
 R - 2 potions of cancellation
Books
 P - a manual of Invocations
 Q - a manual of Evocations
Comestibles
 f - 7 rations


   Skills:
 O Level 27 Fighting
 + Level 20.7 Axes
 - Level 16.1 Throwing
 O Level 27 Armour
 O Level 27 Dodging
 O Level 27 Shields
 - Level 10.1 Unarmed Combat
 - Level 20.1 Invocations


You had 20 spell levels left.
You didn't know any spells.
Your spell library was empty.

Dungeon Overview and Level Annotations

Branches:
Dungeon (1/1)

Altars:
Ashenzari
Cheibriados
Dithmenos
Elyvilon
Fedhas
Gozag
Hepliaklqana
Kikubaaqudgha
Makhleb
Nemelex Xobeh
Okawaru
Qazlal
Ru
Sif Muna
Trog
Uskayaw
Vehumet
Wu Jian
Xom
Yredelemnul
Zin
The Shining One
Beogh
Jiyva
Lugonu


Innate Abilities, Weirdness & Mutations

You cannot wear boots.
Your serpentine skin is tough. (AC +7)
You have supernaturally acute eyesight. (SInv)
Armour fits poorly on your strangely shaped body.
Your system is resistant to poisons. (rPois)
You cover ground very slowly.
You have a slow metabolism.
You can spit poison.
You can use your snake-like lower body to constrict enemies.
You are frail. (-10% HP)
You passively map a small area around you.
You occasionally shout uncontrollably at your foes.


Message History

* * * LOW HITPOINT WARNING * * *
The daeva calls down the wrath of the Shining One upon you.
The Shining One smites you!
* * * LOW HITPOINT WARNING * * *
Found seven items.
You can feel time thicken for a moment.
You feel somewhat more hungry. You block the angel's attack. x2
The cherub's lion-head roars!
The cherub sings a powerful hymn!
The angel gestures.
The angel is healed somewhat.
The angel gestures.
The angel is healed somewhat.
The angel gestures.
The angel is healed somewhat.
The angel completely misses you. x2
You block the angel's attack. The angel hits you but does no damage.
The cherub sings a powerful hymn!
The cherub sings praise to the Shining One, in four-part harmony.
The daeva calls down the wrath of the Shining One upon you.
The Shining One smites you!
You die... ############### , AAAAAAAAAAAAAA# ,AAAAAAAAAAAAAA# ,, AAAAAAAAAAAAAA# ,, , AAAAAADAAAAAAA#

###############@#########
*#.......................#
#.......................#
#######################'#
### ########## #'#
#####.####'#'..##.### #.#
#.'.##)##)#.##..'##.# #'#
*####[##.#####'#..#'####.#
*#.#.#.##'##.#.##..##.##'#


You could see 19 daevas, a pearl dragon, 19 angels and 17 cherubim.

Vanquished Creatures
  Cerebov (D)
  Dissolution (D)
  2 orbs of fire (D)
  Mara (D)
  Mennas (D)
  3 ancient liches (D)
  Frederick (D)
  8 pandemonium lords (D)
  A Killer Klown (D)
  Xtahua (D)
  2 golden dragons (D)
  A profane servitor (D)
  4 bone dragons (D)
  3 pearl dragons (D)
  4 liches (D)
  A Tzitzimitl (D)
  2 electric golems (D)
  2 tentacled monstrosities (D)
  Rupert (D)
  5 Hell Sentinels (D)
  4 Ice Fiends (D)
  4 deep elf blademasters (D)
  A deep elf master archer (D)
  A quicksilver dragon (D)
  3 titans (D)
  3 acid blobs (D)
  2 sphinxes (D)
  A draconian monk (D)
  3 storm dragons (D)
  A daeva (D)
  An azure jelly (D)
  A nagaraja (D)
  3 frost giants (D)
  3 ghost moths (D)
  2 fire giants (D)
  2 draconian knights (D)
  3 balrugs (D)
  A deep elf sorcerer (D)
  2 angels (D)
  An emperor scorpion (D)
  2 orc warlords (D)
  A draconian shifter (D)
  A cacodemon (D)
  2 reapers (D)
  A war gargoyle (D)
  An ophan (D)
  3 deep elf demonologists (D)
  A stone giant (D)
  A green draconian (D)
  2 apis (D)
  2 deep elf annihilators (D)
  3 purple draconians (D)
  A dire elephant (D)
  2 lorocyprocas (D)
  A black draconian (D)
  3 deep elf death magi (D)
  An eidolon (D)
  An ettin (D)
  Snorg (D)
  3 blizzard demons (D)
  3 deep elf high priests (D)
  2 green deaths (D)
  A death ooze (D)
  A merfolk impaler (D)
  A fire dragon (D)
  2 mummy priests (D)
  Erolcha (D)
  2 rakshasas (D)
  A hydra (D)
  A hell beast (D)
  2 naga warriors (D)
  13 vault guards (D)
  2 ice dragons (D)
  4 ogre magi (D)
  2 death knights (D)
  4 two-headed ogres (D)
  A dancing weapon (D)
  An alligator snapping turtle (D)
  7 death yaks (D)
  An alligator (D)
  Urug (D)
  3 vampire magi (D)
  2 spriggan berserkers (D)
  3 sun demons (D)
  10 hell knights (D)
  An iron troll (D)
  4 skeletal warriors (D)
  2 flayed ghosts (D)
  2 spriggan druids (D)
  A cherub (D)
  An unseen horror (D)
  A deep troll (D)
  14 wizards (D)
  A swamp dragon (D)
  Pikel (D)
  14 necromancers (D)
  4 harpies (D)
  3 ugly things (D)
  14 orc knights (D)
  A deep elf mage (D)
  3 wolf spiders (D)
  An elephant (D)
  A guardian serpent (D)
  2 naga magi (D)
  Joseph (D)
  A smoke demon (D)
  2 eyes of devastation (D)
  An orange demon (D)
  A rime drake (D)
  A komodo dragon (D)
  A yaktaur (D)
  2 freezing wraiths (D)
  A demonic crawler (D)
  A hellwing (D)
  3 tormentors (D)
  2 red devils (D)
  A jumping spider (D)
  A tyrant leech (shapeshifter) (D)
  2 merfolk (D)
  2 trolls (D)
  2 wandering mushrooms (D)
  8 blink frogs (D)
  A slime creature (D)
  A redback (D)
  2 snapping turtles (D)
  A spriggan (D)
  2 tarantellas (D)
  A water elemental (D)
  A flying skull (D)
  A vampire (D)
  A ynoxinul (D)
  8 humans (D)
  A basilisk (D)
  A golden eye (D)
  A wraith (D)
  Eustachio (D)
  A neqoxec (D)
  3 fire elementals (D)
  2 hungry ghosts (D)
  5 vampire mosquitoes (D)
  A chaos spawn (D)
  An acid dragon (D)
  A soldier ant (D)
  2 water moccasins (D)
  2 floating eyes (D)
  An orc warrior (D)
  4 slaves (D)
  2 sky beasts (D)
  2 eyes of draining (D)
  6 wolves (D)
  2 centaurs (D)
  5 ogres (D)
  A bullfrog (D)
  4 earth elementals (D)
  13 killer bees (D)
  3 wights (D)
  A crimson imp (D)
  An orc priest (D)
  An orc wizard (D)
  2 iguanas (D)
  A worker ant (D)
  A mummy (D)
  5 adders (D)
  2 river rats (D)
  A leopard gecko (D)
  6 orcs (D)
  A goblin (D)
  4 jackals (D)
  A kobold (D)
  A frilled lizard (D)
  A giant cockroach simulacrum (D)
  A jackal simulacrum (D)
  2 rats (D)
411 creatures vanquished.

Vanquished Creatures (others)
  A sixfirhy (D)
  A blink frog (D)
  A killer bee (D)
3 creatures vanquished.

Grand Total: 414 creatures vanquished

Notes
Turn   | Place    | Note
-------+----------+-------------------------------------------
     0 | D        | Groucho the Naga Fighter began the quest for the Orb.
     0 | D        | Reached XP level 1. HP: 21/21 MP: 1/1
     8 | D        | Noticed a worker ant
    13 | D        | Killed a worker ant
    13 | D        | Reached skill level 5 in Axes
    13 | D        | Reached XP level 2. HP: 24/28 MP: 2/2
   346 | D        | Found a bloodstained altar of Trog.
   346 | D        | Found a deep blue altar of Sif Muna.
   346 | D        | Found a viscous altar of Jiyva.
   346 | D        | Found a hazy altar of Hepliaklqana.
   346 | D        | Found an opulent altar of Gozag.
   347 | D        | Found a glowing golden altar of the Shining One.
   347 | D        | Found a glowing silver altar of Zin.
   347 | D        | Found a basalt altar of Yredelemnul.
   347 | D        | Found a shimmering altar of Xom.
   347 | D        | Found an ornate altar of the Wu Jian Council.
   347 | D        | Found a sacrificial altar of Ru.
   347 | D        | Found a stormy altar of Qazlal.
   347 | D        | Found an iron altar of Okawaru.
   347 | D        | Found a sparkling altar of Nemelex Xobeh.
   347 | D        | Found a burning altar of Makhleb.
   347 | D        | Found a blossoming altar of Fedhas.
   347 | D        | Found a white marble altar of Elyvilon.
   347 | D        | Found a shadowy altar of Dithmenos.
   347 | D        | Found a snail-covered altar of Cheibriados.
   350 | D        | Found a corrupted altar of Lugonu.
   350 | D        | Found a radiant altar of Vehumet.
   350 | D        | Found a roughly hewn altar of Beogh.
   351 | D        | Found an ancient bone altar of Kikubaaqudgha.
   351 | D        | Found a hide-covered altar of Uskayaw.
   351 | D        | Found a shattered altar of Ashenzari.
   364 | D        | Became a worshipper of Cheibriados the Contemplative
   386 | D        | Reached XP level 3. HP: 34/34 MP: 3/3
   393 | D        | Reached skill level 1 in Invocations
   589 | D        | Reached * piety under Cheibriados
   593 | D        | Reached ** piety under Cheibriados
   921 | D        | Noticed a sky beast
   924 | D        | Reached *** piety under Cheibriados
   933 | D        | Killed a sky beast
   933 | D        | Reached XP level 4. HP: 24/42 MP: 5/8
   933 | D        | Reached XP level 5. HP: 28/49 MP: 5/9
  1268 | D        | Reached **** piety under Cheibriados
  1373 | D        | Noticed a sky beast
  1374 | D        | Noticed an orc warrior
  1383 | D        | Killed a sky beast
  1383 | D        | Reached XP level 6. HP: 11/56 MP: 9/12
  1408 | D        | Killed an orc warrior
  1408 | D        | Reached ***** piety under Cheibriados
  1409 | D        | Reached skill level 10 in Axes
  1437 | D        | Reached XP level 7. HP: 44/66 MP: 13/13
  1448 | D        | Reached skill level 5 in Fighting
  1812 | D        | Reached ****** piety under Cheibriados
  1937 | D        | Noticed a tarantella
  1938 | D        | Reached skill level 5 in Armour
  1938 | D        | Reached skill level 5 in Shields
  1938 | D        | Reached skill level 10 in Invocations
  1938 | D        | Reached XP level 8. HP: 76/76 MP: 15/15
  1938 | D        | Killed a tarantella
  2102 | D        | Noticed a troll
  2102 | D        | Noticed a jumping spider
  2103 | D        | Killed a jumping spider
  2107 | D        | Killed a troll
  2146 | D        | Noticed a sun demon
  2146 | D        | Noticed a blink frog
  2146 | D        | Noticed a blink frog
  2146 | D        | Noticed a blink frog
  2146 | D        | Noticed a blink frog
  2147 | D        | Killed a blink frog
  2147 | D        | Killed a blink frog
  2147 | D        | Reached XP level 9. HP: 88/88 MP: 17/17
  2149 | D        | Killed a sun demon
  2346 | D        | Noticed a flayed ghost
  2349 | D        | Killed a flayed ghost
  2349 | D        | Reached XP level 10. HP: 99/99 MP: 12/19
  2688 | D        | Noticed a deep troll
  2690 | D        | Killed a deep troll
  2698 | D        | Reached skill level 10 in Fighting
  2698 | D        | Noticed a smoke demon
  2707 | D        | Killed a smoke demon
  2811 | D        | Noticed Snorg
  2819 | D        | Killed Snorg
  2837 | D        | Noticed a death yak
  2843 | D        | Killed a death yak
  2843 | D        | Reached XP level 11. HP: 77/111 MP: 8/20
  2848 | D        | Noticed an unseen horror
  2857 | D        | Killed an unseen horror
  3174 | D        | Noticed Pikel
  3174 | D        | Noticed Joseph
  3175 | D        | Noticed a flayed ghost
  3179 | D        | Killed Pikel
  3179 | D        | Killed a flayed ghost
  3179 | D        | Reached skill level 10 in Armour
  3179 | D        | Reached skill level 10 in Shields
  3180 | D        | Killed Joseph
  3180 | D        | Reached skill level 5 in Dodging
  3205 | D        | Noticed Erolcha
  3212 | D        | Killed Erolcha
  3213 | D        | Noticed a lorocyproca
  3232 | D        | Killed a lorocyproca
  3673 | D        | Noticed a four-headed hydra
  3677 | D        | Killed a four-headed hydra
  3677 | D        | Reached XP level 12. HP: 123/123 MP: 10/21
  3757 | D        | Noticed a vampire mage
  3765 | D        | Killed a vampire mage
  3765 | D        | Reached skill level 15 in Axes
  3807 | D        | Noticed Urug
  3818 | D        | Killed Urug
  4186 | D        | Noticed an alligator snapping turtle
  4187 | D        | Gained mutation: You are frail. (-10% HP) [a neqoxec]
  4201 | D        | Killed an alligator snapping turtle
  4481 | D        | Noticed an orc warlord
  4481 | D        | Noticed an orc warlord
  4488 | D        | Killed an orc warlord
  4488 | D        | Killed an orc warlord
  4500 | D        | Noticed a vault guard
  4520 | D        | Gained mutation: You can use your snake-like lower body to
                  | constrict enemies. [Naga growth]
  4520 | D        | Reached XP level 13. HP: 53/121 MP: 5/22
  4526 | D        | Killed a vault guard
  4783 | D        | Noticed a purple draconian
  4791 | D        | Killed a purple draconian
  5182 | D        | Noticed a vault guard
  5182 | D        | Noticed a deep elf blademaster
  5186 | D        | Killed a vault guard
  5190 | D        | Killed a deep elf blademaster
  5190 | D        | Reached skill level 15 in Fighting
  5190 | D        | Reached skill level 10 in Dodging
  5300 | D        | Got the +2 helmet of the Endless Expanse {rPois rF+ MR-
                  | Str+9}
  5406 | D        | Noticed a war gargoyle
  5406 | D        | Noticed a deep elf annihilator
  5408 | D        | Killed a war gargoyle
  5409 | D        | Killed a deep elf annihilator
  5623 | D        | Noticed Eustachio
  5623 | D        | Noticed a rakshasa
  5625 | D        | Noticed a rakshasa
  5625 | D        | Noticed a dire elephant
  5637 | D        | Killed a rakshasa
  5645 | D        | Killed a dire elephant
  5645 | D        | Reached XP level 14. HP: 133/133 MP: 20/23
  5679 | D        | Killed Eustachio
  5693 | D        | Noticed an emperor scorpion
  5702 | D        | Killed an emperor scorpion
  5868 | D        | Noticed a lich
  5871 | D        | Noticed a green draconian
  5874 | D        | Noticed a lich
  5879 | D        | Killed a lich
  5882 | D        | Noticed a purple draconian monk
  5884 | D        | Killed a green draconian
  5893 | D        | Killed a lich
  5894 | D        | Noticed a deep elf demonologist
  5896 | D        | Killed a purple draconian monk
  5901 | D        | Noticed a Brimstone Fiend
  5902 | D        | Killed a deep elf demonologist
  5908 | D        | Noticed a sphinx
  5915 | D        | Killed a sphinx
  5915 | D        | Reached skill level 15 in Armour
  5915 | D        | Reached skill level 15 in Shields
  6343 | D        | Reached skill level 5 in Unarmed Combat
  6346 | D        | Noticed a black draconian knight
  6350 | D        | Noticed a deep elf sorcerer
  6369 | D        | Killed a black draconian knight
  6369 | D        | Reached XP level 15. HP: 118/144 MP: 24/24
  6372 | D        | Killed a deep elf sorcerer
  6373 | D        | Noticed an ancient lich
  6376 | D        | Reached skill level 10 in Unarmed Combat
  6376 | D        | Noticed an Executioner
  6381 | D        | Noticed a ghost moth
  6382 | D        | Killed an ancient lich
  6382 | D        | Reached skill level 15 in Invocations
  6386 | D        | Killed a ghost moth
  6685 | D        | Noticed a balrug
  6687 | D        | Killed a balrug
  6697 | D        | Noticed a daeva
  6707 | D        | Killed a daeva
  6781 | D        | Got the ring "Imeseotrit" {+Fly Slay+2}
  6783 | D        | Got the amulet of Ujamoghyl {Reflect Fragile rC++ rN+++
                  | Str+3 SH+3}
  6785 | D        | Got the ring of Buosmod {rElec rF+ MP-9 Str+4 Int+7}
  6788 | D        | Got the amulet "Vostarui" {+Rage Dex+6}
  6791 | D        | Got the amulet "Titwoum" {RegenMP Dex+3}
  6794 | D        | Got the amulet of Alyofadepre {+Rage MP+9}
  6797 | D        | Got the amulet of the Raven {Harm *Drain rElec rC+}
  6800 | D        | Got the amulet "Qedat" {Faith rPois rC- SInv Stlth-}
  6803 | D        | Got the ring of Hyroxti {rPois rN+ Str-5 Slay+5 Stlth+}
  6806 | D        | Got the amulet "Melulik" {Gourm rF+ rN+ Int-3 Dex+4}
  6808 | D        | Got the ring "Yhywik" {rPois rC+ Str+3 Dex+6}
  6811 | D        | Got the amulet "Naocu" {RegenMP rPois rF+ rN+}
  6813 | D        | Got the amulet "Suqiciag" {Gourm Stlth+}
  6828 | D        | Got the ring of Fun {rElec rC+ Slay+2}
  6830 | D        | Got the ring of Fipruij {*Drain rF+++ MR+ Slay+6 Stlth+}
  6833 | D        | Got the ring of Babaen {rF+ rC++ rN+}
  6837 | D        | Got the ring of Light {rPois Dex+2}
  6840 | D        | Got the ring of Baumof {rC+ rN+}
  6851 | D        | Got the ring "Selajale" {rF+ Str+3}
  6854 | D        | Got the ring of Hyizil {rC+ EV+6}
  6856 | D        | Got the ring of the Empire {Wiz SInv}
  6862 | D        | Got the ring of Ciqux {+Fly rPois MR++ Int+6 Dex-2}
  6865 | D        | Got the ring of the Queen {rC+ AC+6}
  6868 | D        | Got the ring "Tainkoo" {+Fly Int+6 Dex+7}
  7127 | D        | Noticed a ghost moth
  7132 | D        | Killed a ghost moth
  7179 | D        | Reached skill level 1 in Throwing
  7179 | D        | Noticed a profane servitor
  7186 | D        | Noticed a ghost moth
  7191 | D        | Reached skill level 5 in Throwing
  7194 | D        | Killed a profane servitor
  7198 | D        | Noticed a storm dragon
  7199 | D        | Killed a ghost moth
  7199 | D        | Reached skill level 10 in Throwing
  7204 | D        | Noticed a sphinx
  7209 | D        | Killed a storm dragon
  7214 | D        | Killed a sphinx
  7215 | D        | Reached XP level 16. HP: 53/152 MP: 3/30
  7743 | D        | Noticed a nagaraja
  7744 | D        | Noticed a tentacled monstrosity
  7749 | D        | Killed a tentacled monstrosity
  7749 | D        | Reached skill level 15 in Throwing
  7754 | D        | Killed a nagaraja
  8060 | D        | Noticed Mara
  8060 | D        | Noticed a storm dragon
  8063 | D        | Noticed Groucho's illusion
  8065 | D        | Killed a storm dragon
  8084 | D        | Killed Mara
  8106 | D        | Got the ring "Datolapo" {rF+ rC+ Dex+4}
  8354 | D        | Got the cursed ring "Jup Etoz" {rC+ rN+ AC-5}
  8393 | D        | Noticed Rupert
  8396 | D        | Reached XP level 17. HP: 159/159 MP: 21/31
  8410 | D        | Killed Rupert
  8434 | D        | Got the amulet "Sierohytt" {rElec Regen+}
  8473 | D        | Got a silver rune of Zot
  8621 | D        | Noticed an ancient lich
  8627 | D        | Killed an ancient lich
  8857 | D        | Noticed an orb of fire
  8866 | D        | Gained mutation: You occasionally shout uncontrollably at
                  | your foes. [an orb of fire]
  8870 | D        | Gained mutation: You passively map a small area around you.
                  | [an orb of fire]
  8875 | D        | Killed an orb of fire
  9097 | D        | Noticed an ancient lich
  9102 | D        | Killed an ancient lich
  9102 | D        | Reached skill level 15 in Dodging
  9105 | D        | Noticed a lich
  9107 | D        | Noticed a Hell Sentinel
  9112 | D        | Killed a lich
  9214 | D        | Noticed a pearl dragon
  9214 | D        | Noticed an Ice Fiend
  9214 | D        | Noticed a Tzitzimitl
  9218 | D        | Killed a Tzitzimitl
  9218 | D        | Reached XP level 18. HP: 100/167 MP: 18/32
  9218 | D        | Killed an Ice Fiend
  9218 | D        | Killed a pearl dragon
  9581 | D        | Noticed Cokaxad the pandemonium lord
  9591 | D        | Killed Cokaxad the pandemonium lord
  9595 | D        | Noticed a bone dragon
  9595 | D        | Noticed Duuk the pandemonium lord
  9605 | D        | Killed a bone dragon
  9618 | D        | Killed Duuk the pandemonium lord
  9642 | D        | Noticed Frederick
  9649 | D        | Killed Frederick
  9657 | D        | Noticed an Ice Fiend
  9667 | D        | Killed an Ice Fiend
  9694 | D        | Noticed an Ice Fiend
  9702 | D        | Killed an Ice Fiend
  9731 | D        | Noticed a Hell Sentinel
  9747 | D        | Killed a Hell Sentinel
  9751 | D        | Noticed a Hell Sentinel
  9758 | D        | Killed a Hell Sentinel
  9760 | D        | Noticed Hariskir the pandemonium lord
  9767 | D        | Killed Hariskir the pandemonium lord
 10238 | D        | Noticed Xtahua
 10252 | D        | Killed Xtahua
 10261 | D        | Noticed a titan
 10271 | D        | Killed a titan
 10297 | D        | Noticed a Hell Sentinel
 10309 | D        | Killed a Hell Sentinel
 10325 | D        | Noticed Qoguy the pandemonium lord
 10348 | D        | Killed Qoguy the pandemonium lord
 10348 | D        | Noticed a golden dragon
 10354 | D        | Killed a golden dragon
 10354 | D        | Reached skill level 27 in Armour
 10354 | D        | Reached XP level 19. HP: 134/173 MP: 33/33
 10357 | D        | Noticed Hiraty the pandemonium lord
 10363 | D        | Noticed Cerebov
 10366 | D        | Killed Hiraty the pandemonium lord
 10377 | D        | Noticed Zuzxafad the pandemonium lord
 10395 | D        | Killed Zuzxafad the pandemonium lord
 10401 | D        | HP: 5/173 [Cerebov/iron shot (71)]
 10411 | D        | Noticed a Brimstone Fiend
 10423 | D        | Noticed a tentacled monstrosity
 10429 | D        | Killed Cerebov
 10430 | D        | Killed a tentacled monstrosity
 10432 | D        | Noticed an electric golem
 10432 | D        | Noticed Xubif the pandemonium lord
 10432 | D        | Noticed an Ice Fiend
 10448 | D        | Killed Xubif the pandemonium lord
 10452 | D        | Killed an Ice Fiend
 10461 | D        | HP: 7/173 [electric golem/bolt of lightning (26)]
 10463 | D        | Killed an electric golem
 11186 | D        | Got the ring "Weripoh" {MP+9 EV+2 Int+3}
 11189 | D        | Got the ring "Zesh" {rC+ rN+ Int+5}
 11207 | D        | Got the ring of Keuguw {rC+ rN+ MP+9 Str+2}
 11210 | D        | Got the ring of the Princess {Dex+5 SInv}
 11214 | D        | Got the ring "Ticopp" {rPois MR+ Dex-4 SInv}
 11217 | D        | Got the amulet of Greater Demons {Acrobat rN++}
 11220 | D        | Got the ring "Deloaf" {+Fly Str+3 SInv}
 11225 | D        | Got an iron rune of Zot
 11234 | D        | Got the amulet "Iruwn" {Faith rN+}
 11238 | D        | Got the ring "Efai" {rElec MR+ MP+9}
 11245 | D        | Got the amulet "Quntuy" {Inacc +Fly Str-2 Dex+6 SInv}
 11269 | D        | Noticed Hiniqast the pandemonium lord
 11278 | D        | Killed Hiniqast the pandemonium lord
 11296 | D        | Noticed a pearl dragon
 11306 | D        | Killed a pearl dragon
 11441 | D        | Noticed a pearl dragon
 11448 | D        | Killed a pearl dragon
 11509 | D        | Noticed an electric golem
 11517 | D        | Killed an electric golem
 11517 | D        | Reached XP level 20. HP: 178/180 MP: 34/34
 11528 | D        | Noticed an orb of fire
 11557 | D        | Killed an orb of fire
 11737 | D        | Noticed a bone dragon
 11746 | D        | Killed a bone dragon
 11754 | D        | Reached skill level 27 in Dodging
 12070 | D        | Paralysed by a floating eye for 3 turns
 12238 | D        | Reached skill level 27 in Shields
 12292 | D        | Noticed a bone dragon
 12309 | D        | Killed a bone dragon
 12652 | D        | Noticed a Killer Klown
 12669 | D        | Killed a Killer Klown
 12746 | D        | Noticed a golden dragon
 12751 | D        | Noticed a bone dragon
 12758 | D        | Killed a golden dragon
 12769 | D        | Killed a bone dragon
 12779 | D        | Noticed Mennas
 12783 | D        | Noticed Dissolution
 12795 | D        | Killed Dissolution
 12810 | D        | Killed Mennas
 12810 | D        | Reached skill level 27 in Fighting
 12810 | D        | Reached XP level 21. HP: 61/219 MP: 35/35
 13345 | D        | Got the ring of Vunoocvaone {Wiz Dex+4 Slay+3}
 13348 | D        | Got the ring of the Burgomaster {rCorr *Slow MR+ Int+2}
 13351 | D        | Got the ring of Tiuze {Fire *Drain +Fly MR+ Int+4}
 13354 | D        | Got the amulet "Rirresosh" {RegenMP +Blink rPois Str-5
                  | Dex+3}
 13357 | D        | Got the ring of the Mackerel {+Inv MR++ Int+3 Stlth+}
 13362 | D        | Got the ring "Ygaonoe" {AC+3 Dex+3}
 13503 | D        | Noticed a pearl dragon
 13505 | D        | HP: 8/219 [daeva/divine providence (15)]
 13506 | D        | Killed from afar by a daeva

Skill      XL: |  1  2  3  4  5  6  7  8  9 10 11 12 13 14 15 16 17 18 19 20 |
---------------+-------------------------------------------------------------+-----
Axes           | 5 8 9 10 11 12 13 14 16 17 19 20 | 20.7
Invocations    | 6 8 9 10 11 12 13 20 | 20.1
Armour         | 3 5 6 7 9 10 12 13 15 21 25 27 | 27.0
Shields        | 3 5 6 7 9 10 12 13 15 17 20 24 27 | 27.0
Fighting       | 4 6 7 9 11 12 14 15 17 27 | 27.0
Dodging        | 3 6 9 11 12 16 21 26 27 | 27.0
Unarmed Combat | 8 10 | 10.1
Throwing       | 13 16 | 16.1

Action                   |  1- 3 |  4- 6 |  7- 9 | 10-12 | 13-15 | 16-18 | 19-21 || total
-------------------------+-------+-------+-------+-------+-------+-------+-------++-------
Melee: War axe           |    37 |    35 |    21 |   140 |    46 |       |       ||   279
       Broad axe         |       |       |       |       |   256 |   350 |   316 ||   922
       Constrict         |       |       |       |       |    53 |    40 |    22 ||   115
Throw: Javelin           |       |       |       |       |     1 |       |       ||     1
       Stone             |       |       |       |       |     2 |       |       ||     2
Invok: Slouch            |       |     1 |     5 |    20 |    23 |    21 |    23 ||    93
 Abil: Spit Poison       |     3 |     3 |       |       |       |       |       ||     6
Evoke: Wand              |       |       |       |       |     1 |       |       ||     1
  Use: Potion            |     2 |     4 |     1 |     4 |     5 |     1 |    15 ||    32
       Scroll            |       |       |       |       |       |     3 |       ||     3
 Stab: Distracted        |       |       |       |       |     1 |       |     1 ||     2
  Eat: Chunk             |       |       |     2 |       |       |       |     2 ||     4
       Ration            |       |       |       |     2 |     3 |     3 |     1 ||     9
Armor: Scale mail        |    16 |       |       |       |       |       |       ||    16
       Chain mail        |       |    10 |     2 |       |       |       |       ||    12
       Plate armour      |       |       |    11 |    56 |    95 |     7 |       ||   169
       Gold dragon scale |       |       |       |       |       |    64 |    74 ||   138
Dodge: Dodged            |     5 |     9 |     6 |    65 |   137 |   116 |   212 ||   550
Block: Shield            |    14 |    20 |    12 |   111 |   178 |       |       ||   335
       Large shield      |       |       |       |       |    79 |   234 |   447 ||   760
